 Dungeon Crawl Stone Soup version 0.19.3-4-gbf9329e (webtiles) character file.

227 pib the Ruffian (level 5, 0/45 HPs)
             Began as a Draconian Transmuter on Jan 29, 2017.
             Killed by nerve-wracking pain
             ... invoked by an orc priest
              (10 damage)
             ... on level 3 of the Dungeon.
             The game lasted 00:11:35 (3788 turns).

pib the Ruffian (Draconian Transmuter)              Turns: 3788, Time: 00:11:36

Health: 0/45       AC:  8    Str: 13    XL:     5   Next: 70%
Magic:  9/9        EV: 12    Int: 14    God:
Gold:   144        SH:  0    Dex: 11    Spells: 2 memorised, 7 levels left

rFire  . . .     SeeInvis .       - Unarmed
rCold  . . .     Gourm    .     (armour unavailable)
rNeg   . . .     Faith    .     (no shield)
rPois  .         Spirit   .     (helmet restricted)
rElec  .         Reflect  .     (no cloak)
rCorr  .         Harm     .     o - +2 pair of gloves
MR     +....                    (no boots)
Stlth  +.........               (no amulet)
                                (no ring)
                                t - ring of protection from magic

@: no status effects
A: unfitting armour, cold-blooded, AC +5
a: no special abilities


You were on level 3 of the Dungeon.
You were not hungry.

You visited 1 branch of the dungeon, and saw 4 of its levels.

You collected 144 gold pieces.

Inventory:

Armour
 o - a +2 pair of gloves (worn)
Jewellery
 t - a ring of protection from magic (left hand)
 u - an uncursed ring of protection from fire {unknown}
Scrolls
 a - 5 scrolls of blinking {unknown}
 d - 2 scrolls of remove curse
 e - 2 scrolls of recharging {unknown}
 f - a scroll of random uselessness {unknown}
 k - a scroll of magic mapping
 l - a scroll of noise {unknown}
Potions
 g - a potion of heal wounds
 i - a potion of might {unknown}
 m - a potion of magic {unknown}
 n - a potion of agility {unknown}
 p - 2 potions of curing {unknown}
 r - 2 potions of cure mutation {unknown}
Books
 b - a book of Changes

   Spells                             Type                      Level
   a - Beastly Appendage              Transmutation                1
   b - Sticks to Snakes               Transmutation                2
   c - Spider Form                    Transmutation/Poison         3
   d - Ice Form                       Ice/Transmutation            4
   e - Blade Hands                    Transmutation                5
Comestibles
 c - 2 bread rations
 j - 2 fruits
 q - a slice of pizza
 s - 4 meat rations


   Skills:
 + Level 3.5 Fighting
 - Level 1.7 Dodging
 + Level 4.1 Unarmed Combat
 - Level 3.0 Spellcasting
 - Level 3.2 Transmutations


You had 7 spell levels left.
You knew the following spells:

 Your Spells              Type           Power        Failure   Level  Hunger
a - Beastly Appendage     Tmut           ##....       6%          1    #......
b - Sticks to Snakes      Tmut           ##......     10%         2    ##.....


Dungeon Overview and Level Annotations

Branches:
Dungeon (4/15)
 Temple: D:4-7

Altars:
Qazlal
Xom

Annotations:
D:2 Ijyb
D:4 Natasha


Innate Abilities, Weirdness & Mutations

Your plain brown scales are hard. (AC +5)
You cannot fit into any form of body armour.
You are cold-blooded and may be slowed by cold attacks.


Message History

You resist with some effort.
You closely miss the orc priest.
The orc priest is almost dead.
The orc closely misses you.
The orc priest casts a cantrip, but nothing happens.
You hit the orc priest but do no damage.
The orc priest is almost dead.
The orc hits you with a dagger.
The orc priest calls down the wrath of Beogh upon you.
Beogh smites you!
* * * LOW HITPOINT WARNING * * *
You barely miss the orc priest.
The orc priest is almost dead.
The orc hits you but does no damage.
Unknown command.
You closely miss the orc priest.
The orc priest is almost dead.
The orc priest invokes the aid of Beogh against you.
Pain shoots through your body!
You die...

##.## #..###.(......... #.<#
#.......##.#.#### ######.#####
#.#.....##.#.#
#..........###....#####.#.###
#..............#.## #..#...#
#..........#.....# ##.####.##
###....####..########..####...
#....#....#######......)....
#.........o@oo.......#######
#......########.######
#....### ##.# #....# ##..#
#....# #..## ###### ##.##
####..# ##....## #(..###


You could see an orc priest and 2 orcs.

Vanquished Creatures
  A bullfrog skeleton (D:4)
  An orc wizard (D:4)
  Natasha (D:2)
  Robin (D:3)
  An adder skeleton (D:4)
  An adder zombie (D:2)
  2 worms
  4 dart slugs
  5 leopard geckos
  12 orcs
  3 giant cockroaches
  20 goblins
  12 hobgoblins
  6 jackals (D:3)
  2 quokkas
  A ball python (D:1)
  2 ball python skeletons (D:2)
  8 bats
  A giant cockroach zombie (D:2)
  A jackal skeleton (D:2)
  A jackal zombie (D:2)
  7 kobolds
  5 rats
98 creatures vanquished.

Vanquished Creatures (collateral kills)
  A worm (D:2)
  2 leopard geckos
3 creatures vanquished.

Grand Total: 101 creatures vanquished

Notes
Turn   | Place    | Note
-------+----------+-------------------------------------------
     0 | D:1      | pib the Draconian Transmuter began the quest for the Orb.
     0 | D:1      | Reached XP level 1. HP: 16/16 MP: 3/3
   495 | D:1      | Reached XP level 2. HP: 22/23 MP: 3/5
  1300 | D:2      | Found a shimmering altar of Xom.
  1303 | D:2      | Reached XP level 3. HP: 28/28 MP: 4/6
  1336 | D:2      | Found a stormy altar of Qazlal.
  1476 | D:2      | Learned a level 2 spell: Sticks to Snakes
  1600 | D:2      | Noticed Natasha
  1610 | D:2      | Killed Natasha
  1888 | D:2      | Reached XP level 4. HP: 29/36 MP: 8/8
  1922 | D:2      | Noticed Ijyb
  2201 | D:3      | Noticed Robin
  2465 | D:3      | Killed Robin
  3015 | D:3      | Reached XP level 5. HP: 41/42 MP: 7/9
  3309 | D:4      | Reached skill level 4 in Unarmed Combat
  3334 | D:4      | Noticed Natasha
  3788 | D:3      | Killed from afar by an orc priest

Skill      XL: |  1  2  3  4  5 |
---------------+----------------+-----
Fighting       | 2 3 |  3.5
Spellcasting   | 3 |  3.0
Transmutations | 3 |  3.2
Unarmed Combat | 4 |  4.1
Dodging        | |  1.7

Action                   |  1- 3 |  4- 6 || total
-------------------------+-------+-------++-------
Melee: Unarmed           |   132 |   245 ||   377
       Tailslap          |    15 |    25 ||    40
       Headbutt          |     6 |    11 ||    17
       Kick              |     6 |    23 ||    29
       Punch             |       |     3 ||     3
 Cast: Beastly Appendage |    17 |    18 ||    35
       Sticks to Snakes  |     3 |     9 ||    12
  Use: Scroll            |     4 |       ||     4
       Potion            |       |     1 ||     1
 Stab: Sleeping          |     2 |       ||     2
  Eat: Chunk             |     4 |     7 ||    11
Armor: Skin              |    40 |    98 ||   138
Dodge: Dodged            |    92 |   155 ||   247
